SAAA
TORTOLITA DRUMMERS @ HARTFORD PRIDE
07/25/2042
 
TOP OF THE 1ST
Tortolita Drummers batting - Pitching for Hartford Pride : RHP Tomás Huesca
Pitching: RHP Tomás Huesca
Batting: RHB Tso-i Wang 0-0: Called Strike
0-1: Ball
1-1: Fly out, F7 (Line Drive, 7, EV 87.5 MPH)
Batting: RHB Peter Holland 0-0: Called Strike
0-1: Foul Ball, location: 2F
0-2: Ball
1-2: Ball
2-2: Strikes out swinging
Batting: LHB Shawn Kyllo 0-0: Ball
1-0: Called Strike
1-1: Swinging Strike
1-2: Strikes out looking
Top of the 1st over - 0 runs, 0 hits, 0 errors, 0 left on base; Tortolita 0 - Hartford 0
BOTTOM OF THE 1ST
Hartford Pride batting - Pitching for Tortolita Drummers : RHP Cisco Pérez
Pitching: RHP Cisco Pérez
Batting: RHB Peer Kattenberg 0-0: Ground out U3 (Groundball, 34, EV 101.2 MPH)
Batting: RHB Katsuhiko Ishihara 0-0: Ground out 4-3 (Groundball, 4, EV 92.5 MPH)
Batting: LHB Tomás Muinos 0-0: Ball
1-0: Called Strike
1-1: Foul Ball, location: 2F
1-2: Foul Ball, location: 2F
1-2: Strikes out swinging
Bottom of the 1st over - 0 runs, 0 hits, 0 errors, 0 left on base; Tortolita 0 - Hartford 0
TOP OF THE 2ND
Tortolita Drummers batting - Pitching for Hartford Pride : RHP Tomás Huesca
Batting: RHB Tae-cho Han 0-0: Ball
1-0: Foul Ball, location: 2F
1-1: Ball
2-1: Foul Ball, location: 2F
2-2: Foul Ball, location: 2F
2-2: Ball
3-2: Fly out, F9 (Line Drive, 9, EV 87.5 MPH)
Batting: LHB Tippi Degré 0-0: Fly out, F9 (Flyball, 89D, EV 84.4 MPH)
Batting: RHB Ken Moore 0-0: Called Strike
0-1: Ball
1-1: Foul Ball, location: 2F
1-2: Foul Ball, location: 2F
1-2: Foul Ball, location: 2F
1-2: Ball
2-2: Strikes out swinging
Top of the 2nd over - 0 runs, 0 hits, 0 errors, 0 left on base; Tortolita 0 - Hartford 0
BOTTOM OF THE 2ND
Hartford Pride batting - Pitching for Tortolita Drummers : RHP Cisco Pérez
Batting: RHB Emílio Agramónte 0-0: Called Strike
0-1: Ball
1-1: Ball
2-1: Ball
3-1: SINGLE (Groundball, 6D, EV 94.4 MPH)
Batting: RHB Hani Azwan 0-0: Ball
1-0: Foul Ball, location: 2F
1-1: Ball
2-1: Swinging Strike
2-2: Fielders Choice at 2nd, 6-4 (Groundball, 6, EV 79.4 MPH)
Batting: SHB Alvin Peterson 0-0: Ball
1-0: Grounds into double play, 6-4-3 (Groundball, 56, EV 107.5 MPH)
Bottom of the 2nd over - 0 runs, 1 hit, 0 errors, 0 left on base; Tortolita 0 - Hartford 0
TOP OF THE 3RD
Tortolita Drummers batting - Pitching for Hartford Pride : RHP Tomás Huesca
Batting: RHB Tsuneari Hirano 0-0: Called Strike
0-1: Foul Ball, location: 2F
0-2: Reached on error, E5 (Groundball, 5, EV 78.1 MPH)
Batting: SHB Fernando Rincón 0-0: Ball
1-0: Ball
2-0: Foul Ball, location: 2F
2-1: SINGLE (Groundball, 6, EV 81.9 MPH) (infield hit)
Tsuneari Hirano to third
Batting: RHB Graeme Dormer 0-0: Foul Ball, location: 2F
0-1: Ball
1-1: Foul Ball, location: 2F
1-2: Ball
Wild Pitch!
Tsuneari Hirano scores
Fernando Rincón to second
2-2: Fly out, F8 (Flyball, 8LD, EV 95.0 MPH)
Runner from 2nd tags up, SAFE at 3rd with throw by CF
Batting: RHB Tso-i Wang 0-0: SINGLE (Groundball, 34D, EV 95.6 MPH)
Fernando Rincón scores
Batting: RHB Peter Holland 0-0: Ball
1-0: Called Strike
1-1: Ball
2-1: Swinging Strike
2-2: Strikes out swinging
Batting: LHB Shawn Kyllo 0-0: Ball
1-0: Foul Ball, location: 2F
1-1: Ball
2-1: Foul Ball, location: 2F
2-2: Fly out, F7 (Line Drive, 7S, EV 102.5 MPH)
Top of the 3rd over - 2 runs, 2 hits, 1 error, 1 left on base; Tortolita 2 - Hartford 0
BOTTOM OF THE 3RD
Hartford Pride batting - Pitching for Tortolita Drummers : RHP Cisco Pérez
Batting: RHB Barend Huijbregts 0-0: Ball
1-0: Foul Ball, location: 2F
1-1: Foul Ball, location: 2F
1-2: Strikes out swinging
Batting: RHB Nathan Pruitt 0-0: Called Strike
0-1: Ball
1-1: Fly out, F6 (Line Drive, 6, EV 66.9 MPH)
Batting: LHB Carel Oskamp 0-0: Fly out, F7 (Flyball, 7, EV 95.0 MPH)
Bottom of the 3rd over - 0 runs, 0 hits, 0 errors, 0 left on base; Tortolita 2 - Hartford 0
TOP OF THE 4TH
Tortolita Drummers batting - Pitching for Hartford Pride : RHP Tomás Huesca
Batting: RHB Tae-cho Han 0-0: Ball
1-0: Ball
2-0: Ball
3-0: Called Strike
3-1: Base on Balls
Batting: LHB Tippi Degré 0-0: Called Strike
0-1: Ball
1-1: Foul Ball, location: 2F
1-2: SINGLE (Groundball, 4MD, EV 95.0 MPH)
Tae-cho Han to second
Runner from 2nd tries for 3rd, SAFE, no throw by CF
Batting: RHB Ken Moore 0-0: Called Strike
0-1: Ball
1-1: Called Strike
1-2: DOUBLE (Line Drive, 89D, EV 103.8 MPH)
Tae-cho Han scores
Tippi Degré to third
Batting: RHB Tsuneari Hirano 0-0: Ball
1-0: Called Strike
1-1: Foul Ball, location: 2F
1-2: Ball
2-2: Ball
3-2: Fly out, F7 (Flyball, 78S, EV 90.0 MPH)
Batting: SHB Fernando Rincón 0-0: Swinging Strike
0-1: Swinging Strike
0-2: Foul Ball, location: 2F
0-2: Ground out 4-3 (Groundball, 4, EV 81.2 MPH)
Tippi Degré scores
Ken Moore to third
Batting: RHB Graeme Dormer 0-0: Fly out, F7 (Flyball, 78S, EV 80.6 MPH)
Top of the 4th over - 2 runs, 2 hits, 0 errors, 1 left on base; Tortolita 4 - Hartford 0
BOTTOM OF THE 4TH
Hartford Pride batting - Pitching for Tortolita Drummers : RHP Cisco Pérez
Batting: RHB Peer Kattenberg 0-0: Ball
1-0: Called Strike
1-1: SINGLE (Groundball, 25, EV 64.4 MPH) (infield hit)
Batting: RHB Katsuhiko Ishihara 0-0: Ball
1-0: Foul Ball, location: 2F
1-1: Foul Ball, location: 2F
1-2: Ball
2-2: Ball
3-2: Ground out 4-3 (Groundball, 4, EV 108.1 MPH)
Peer Kattenberg to second
Batting: LHB Tomás Muinos 0-0: Swinging Strike
0-1: Ball
1-1: Ground out 1-3 (Groundball, 13S, EV 68.8 MPH)
Peer Kattenberg to third
Batting: RHB Emílio Agramónte 0-0: Called Strike
0-1: Ball
1-1: Ball
2-1: SINGLE (Flyball, 89S, EV 95.6 MPH)
Peer Kattenberg scores
Batting: RHB Hani Azwan 0-0: Fly out, F8 (Flyball, 8RM, EV 87.5 MPH)
Bottom of the 4th over - 1 run, 2 hits, 0 errors, 1 left on base; Tortolita 4 - Hartford 1
TOP OF THE 5TH
Tortolita Drummers batting - Pitching for Hartford Pride : RHP Tomás Huesca
Batting: RHB Tso-i Wang 0-0: Ball
1-0: Foul Ball, location: 2F
1-1: Ball
2-1: TRIPLE (Flyball, 7D, EV 97.5 MPH)
Batting: RHB Peter Holland 0-0: Ball
1-0: Ball
2-0: Fly out, F7 (Flyball, 7S, EV 91.2 MPH)
Batting: LHB Shawn Kyllo 0-0: Foul Ball, location: 2F
0-1: Foul Ball, location: 2F
0-2: Foul Ball, location: 2F
0-2: Ball
1-2: Ball
2-2: Foul Ball, location: 2F
2-2: Foul Ball, location: 2F
2-2: Foul Ball, location: 2F
2-2: Foul Ball, location: 2F
2-2: Ball
3-2: Fly out, F7 (Flyball, 78S, EV 90.6 MPH)
Batting: RHB Tae-cho Han 0-0: Swinging Strike
0-1: Ball
1-1: Ball
2-1: Foul Ball, location: 2F
2-2: Foul Ball, location: 2F
2-2: Ball
3-2: Base on Balls
Batting: LHB Tippi Degré 0-0: Ball
1-0: Foul Ball, location: 2F
1-1: Foul Ball, location: 2F
1-2: Ball
2-2: Ground out 4-3 (Groundball, 4, EV 88.8 MPH)
Top of the 5th over - 0 runs, 1 hit, 0 errors, 2 left on base; Tortolita 4 - Hartford 1
BOTTOM OF THE 5TH
Hartford Pride batting - Pitching for Tortolita Drummers : RHP Cisco Pérez
Batting: SHB Alvin Peterson 0-0: Ball
1-0: Ball
2-0: Ball
3-0: Called Strike
3-1: Base on Balls
Batting: RHB Barend Huijbregts 0-0: Called Strike
0-1: Bunted foul
0-2: Ball
1-2: Foul Ball, location: 2F
1-2: Ball
2-2: Grounds into double play, 1-6-3 (Groundball, 13, EV 85.6 MPH)
Batting: RHB Nathan Pruitt 0-0: Fly out, F8 (Flyball, 8LS, EV 83.8 MPH)
Bottom of the 5th over - 0 runs, 0 hits, 0 errors, 0 left on base; Tortolita 4 - Hartford 1
TOP OF THE 6TH
Tortolita Drummers batting - Pitching for Hartford Pride : RHP Tomás Huesca
Pitching: RHP Victor Heuvelink
Batting: RHB Ken Moore 0-0: Called Strike
0-1: Ball
1-1: Foul Ball, location: 2F
1-2: Foul Ball, location: 2F
1-2: Ball
2-2: DOUBLE (Line Drive, 7LD, EV 104.4 MPH)
Batting: RHB Tsuneari Hirano 0-0: Called Strike
0-1: Ground out 5-3 (Groundball, 56S, EV 77.5 MPH)
Batting: SHB Fernando Rincón 0-0: Ball
1-0: Called Strike
1-1: Ball
2-1: Called Strike
2-2: Strikes out swinging
Batting: RHB Graeme Dormer 0-0: SINGLE (Groundball, 56D, EV 108.8 MPH)
Ken Moore to third
Runner from 3rd tries for Home, SAFE, throw by LF to home
Batting: RHB Tso-i Wang 0-0: Ball
1-0: Called Strike
1-1: Fielders Choice at 2nd, 6-4 (Groundball, 6, EV 87.5 MPH)
Top of the 6th over - 1 run, 2 hits, 0 errors, 1 left on base; Tortolita 5 - Hartford 1
BOTTOM OF THE 6TH
Hartford Pride batting - Pitching for Tortolita Drummers : RHP Cisco Pérez
Batting: LHB Carel Oskamp 0-0: Fly out, F9 (Flyball, 9, EV 85.0 MPH)
Batting: RHB Peer Kattenberg 0-0: Ball
1-0: Ball
2-0: Ball
3-0: Called Strike
3-1: Called Strike
3-2: Ground out 6-3 (Groundball, 6, EV 86.9 MPH)
Batting: RHB Katsuhiko Ishihara 0-0: Ball
1-0: SOLO HOME RUN (Flyball, 7D, EV 100.0 MPH), Distance : 369 ft
Batting: LHB Tomás Muinos 0-0: Ball
1-0: Ball
2-0: Fly out, F9 (Flyball, 9, EV 87.5 MPH)
Bottom of the 6th over - 1 run, 1 hit, 0 errors, 0 left on base; Tortolita 5 - Hartford 2
TOP OF THE 7TH
Tortolita Drummers batting - Pitching for Hartford Pride : RHP Victor Heuvelink
Batting: RHB Peter Holland 0-0: Called Strike
0-1: Ball
1-1: Ball
2-1: Ball
3-1: Base on Balls
Pitching: RHP Morris Prinkey
Batting: LHB Shawn Kyllo 0-0: Ball
1-0: Ball
2-0: Called Strike
2-1: Foul Ball, location: 2F
2-2: Reached on error, E5 (Groundball, 56S, EV 73.8 MPH)
Peter Holland to second
Batting: RHB Tae-cho Han 0-0: SINGLE (Line Drive, 7S, EV 100.6 MPH)
Peter Holland to third
Shawn Kyllo to second
Runner from 3rd tries for Home, SAFE, no throw by LF
Batting: LHB Tippi Degré 0-0: Called Strike
0-1: Fly out, F6 (Popup, 6, EV 64.4 MPH)
Batting: RHB Ken Moore 0-0: Ball
1-0: Called Strike
1-1: SINGLE (Groundball, 15S, EV 72.5 MPH) (infield hit)
Shawn Kyllo to third
Tae-cho Han to second
Batting: RHB Tsuneari Hirano 0-0: Called Strike
0-1: Called Strike
0-2: Ball
1-2: Foul Ball, location: 2F
1-2: Foul Ball, location: 2F
1-2: Ball
2-2: Grounds into fielders choice 1-2 (Groundball, 34S, EV 70.0 MPH)
Tae-cho Han to third
Ken Moore to second
Batting: SHB Fernando Rincón 0-0: Ball
1-0: Called Strike
1-1: Ball
2-1: Called Strike
2-2: DOUBLE (Line Drive, 78M, EV 96.9 MPH)
Tae-cho Han scores
Ken Moore scores
Tsuneari Hirano to third
Runner from 3rd tries for Home, SAFE, throw by LF to home
Batting: RHB Graeme Dormer 0-0: SINGLE (Groundball, 6D, EV 97.5 MPH)
Fernando Rincón to third
Runner from 3rd tries for Home, SAFE, throw by LF to home
Pitching: RHP Luis Bruno
Batting: RHB Tso-i Wang 0-0: Ball
1-0: Called Strike
1-1: Swinging Strike
1-2: Strikes out swinging
Top of the 7th over - 5 runs, 4 hits, 1 error, 1 left on base; Tortolita 10 - Hartford 2
BOTTOM OF THE 7TH
Hartford Pride batting - Pitching for Tortolita Drummers : RHP Cisco Pérez
Pinch Hitting: RHB Hal Larson 0-0: Ball
1-0: Called Strike
1-1: Called Strike
1-2: Strikes out swinging
Batting: RHB Hani Azwan 0-0: Foul Ball, location: 2F
0-1: Fly out, F9 (Flyball, 9D, EV 90.0 MPH)
Pinch Hitting: RHB Eugene McClellan 0-0: Ball
1-0: Called Strike
1-1: Ball
2-1: Called Strike
2-2: Ground out 5-3 (Groundball, 5S, EV 86.2 MPH)
Bottom of the 7th over - 0 runs, 0 hits, 0 errors, 0 left on base; Tortolita 10 - Hartford 2
TOP OF THE 8TH
Tortolita Drummers batting - Pitching for Hartford Pride : RHP Luis Bruno
Now at 1B: Hal Larson
Now at 2B: Eugene McClellan
Pinch Hitting: RHB Jaxton Goleta 0-0: Foul Ball, location: 2F
0-1: SINGLE (Groundball, 34D, EV 103.1 MPH)
Pinch Hitting: RHB Alberto Ramírez 0-0: Called Strike
0-1: Foul Ball, location: 2F
0-2: Fielders Choice at 2nd, 4-6 (Groundball, 4, EV 101.2 MPH)
Pinch Hitting: LHB Lonnie Baker 0-0: Ball
1-0: Ball
2-0: Ball
3-0: Called Strike
3-1: Fly out, F8 (Flyball, 89M, EV 91.9 MPH)
Batting: LHB Tippi Degré 0-0: Fly out, F9 (Line Drive, 9, EV 93.1 MPH)
Top of the 8th over - 0 runs, 1 hit, 0 errors, 1 left on base; Tortolita 10 - Hartford 2
BOTTOM OF THE 8TH
Hartford Pride batting - Pitching for Tortolita Drummers : RHP Cisco Pérez
Now at 3B: Jaxton Goleta
Now in LF: Lonnie Baker
Now in RF: Alberto Ramírez
Batting: RHB Barend Huijbregts 0-0: Called Strike
0-1: DOUBLE (Groundball, 5L, EV 101.2 MPH)
Batting: RHB Nathan Pruitt 0-0: Called Strike
0-1: Ball
1-1: Called Strike
1-2: Ball
2-2: Foul Ball, location: 2F
2-2: DOUBLE (Line Drive, 8RXD, EV 103.1 MPH)
Barend Huijbregts scores
Batting: LHB Carel Oskamp 0-0: Called Strike
0-1: SINGLE (Groundball, 5D, EV 108.1 MPH)
Nathan Pruitt to third
Batting: RHB Peer Kattenberg 0-0: Ball
1-0: SINGLE (Groundball, 34D, EV 107.5 MPH)
Nathan Pruitt scores
Carel Oskamp to second
Batting: RHB Katsuhiko Ishihara 0-0: Called Strike
0-1: Foul Ball, location: 2F
0-2: Strikes out swinging
Batting: LHB Tomás Muinos 0-0: Foul Ball, location: 2F
0-1: SINGLE (Flyball, 4MD, EV 82.5 MPH)
Carel Oskamp to third
Peer Kattenberg to second
Batting: RHB Hal Larson 0-0: Ball
1-0: Called Strike
1-1: Swinging Strike
1-2: Grounds into fielders choice 1-2 (Groundball, 13, EV 93.8 MPH)
Peer Kattenberg to third
Tomás Muinos to second
Pitching: RHP Jerry Magee
Batting: RHB Hani Azwan 0-0: Called Strike
0-1: Ground out 1-3 (Groundball, 13, EV 82.5 MPH)
Bottom of the 8th over - 2 runs, 5 hits, 0 errors, 3 left on base; Tortolita 10 - Hartford 4
TOP OF THE 9TH
Tortolita Drummers batting - Pitching for Hartford Pride : RHP Luis Bruno
Pitching: RHP Darweshi Hadiya
Batting: RHB Ken Moore 0-0: Ball
1-0: Called Strike
1-1: Ball
2-1: Foul Ball, location: 2F
2-2: Ball
3-2: Base on Balls
Batting: RHB Tsuneari Hirano 0-0: Fly out, F9 (Flyball, 9S, EV 82.5 MPH)
Batting: SHB Fernando Rincón 0-0: Foul Ball, location: 2F
0-1: Swinging Strike
0-2: Fielders Choice at 2nd, 4-6 (Groundball, 4, EV 93.1 MPH)
Batting: RHB Graeme Dormer 0-0: Ground out 4-3 (Groundball, 4, EV 88.8 MPH)
Top of the 9th over - 0 runs, 0 hits, 0 errors, 1 left on base; Tortolita 10 - Hartford 4
BOTTOM OF THE 9TH
Hartford Pride batting - Pitching for Tortolita Drummers : RHP Jerry Magee
Batting: RHB Eugene McClellan 0-0: Ball
1-0: Fly out, F5 (Line Drive, 5, EV 63.8 MPH)
Batting: RHB Barend Huijbregts 0-0: Swinging Strike
0-1: Ball
1-1: Ground out 5-3 (Groundball, 56, EV 102.5 MPH)
Batting: RHB Nathan Pruitt 0-0: Foul Ball, location: 2F
0-1: Foul Ball, location: 2F
0-2: Ball
1-2: Fly out, F8 (Flyball, 8LM, EV 85.0 MPH)
Bottom of the 9th over - 0 runs, 0 hits, 0 errors, 0 left on base; Tortolita 10 - Hartford 4
Friday, March 26th, 2021 - OOTP Baseball 20.8 Build 74